 Dungeon Crawl Stone Soup version 0.29.1-15-g9cfb28693d (webtiles) character file.

Game seed: 18272644130688681865

457 kingofthe the Conjurer (level 6, -14/32 HPs)
             Began as a Deep Elf Conjurer on Mar 9, 2023.
             Demolished by an ogre
             ... wielding a +0 giant spiked club
              (30 damage)
             ... on level 5 of the Dungeon.
             The game lasted 00:09:15 (5164 turns).

kingofthe the Conjurer (Deep Elf Conjurer)          Turns: 5164, Time: 00:09:15

Health: -14/32     AC:  3    Str:  4    XL:     6   Next: 77%
Magic:  11/16      EV: 13    Int: 23    God:
Gold:   254        SH:  0    Dex: 15    Spells: 9/16 levels left

rFire   . . .      SeeInvis .   v - +7 mace (drain)
rCold   . . .      Faith    .   (no shield)
rNeg    . . .      Spirit   .   a - +0 robe
rPois   .          Reflect  .   (no helmet)
rElec   .          Harm     .   c - +0 cloak
rCorr   .          Rampage  .   (no gloves)
Will    .....                   (no boots)
Stlth   ++........              (no amulet)
HPRegen 0.10/turn               (no ring)
MPRegen 0.15/turn               (no ring)

@: no status effects
A: no striking features
a: no special abilities


You were on level 5 of the Dungeon.
You visited 1 branch of the dungeon, and saw 5 of its levels.

You collected 254 gold pieces.


   Skills:
 - Level 3.5 Dodging
 - Level 3.0 Stealth
 + Level 5.6 Spellcasting
 + Level 5.9 Conjurations
 * Level 5.1 Hexes


You had 9 spell levels left.
You knew the following spells:

 Your Spells              Type           Power      Damage    Failure   Level
a - Magic Dart            Conj           100%       1d8       1%          1
b - Searing Ray           Conj           66%        2d6       1%          2
c - Fulminant Prism       Conj/Hex       16%        3d11      9%          4

Your spell library contained the following spells:

 Spells                   Type           Power      Damage    Failure   Level
 Dazzling Flash           Conj/Hex       64%        N/A       2%          3
 Tukima's Dance           Hex            30%        N/A       3%          3
 Ensorcelled Hibernation  Hex/Ice        36%        N/A       4%          2
 Conjure Flame            Conj/Fire      20%        6-21      8%          3
 Passwall                 Tmut/Erth      5%         N/A       14%         2
 Ignite Poison            Fire/Tmut/Pois 6%         N/A       26%         3
 Swiftness                Air            6%         N/A       26%         3
 Iskenderun's Mystic Bla  Conj/Tloc      20%        2d6       26%         4
 Sticky Flame             Conj/Fire      20%        2d4       26%         4
 Yara's Violent Unravell  Hex/Tmut       9%         3d6       63%         5
 Passage of Golubria      Tloc           6%         N/A       65%         4

Inventory:

Hand Weapons
 q - a +0 short sword of electrocution
 v - a +7 mace of draining (weapon)
Armour
 a - a +0 robe (worn)
 c - a +0 cloak (worn)
 l - a +0 buckler
 u - a +0 helmet
Jewellery
 C - a ring of ice
Wands
 s - a wand of flame (31)
Scrolls
 d - a scroll of torment {unknown}
 e - 3 scrolls of magic mapping {unknown}
 h - a scroll of silence {unknown}
 i - 2 scrolls of fear {unknown}
 j - 3 scrolls of teleportation {unknown}
 k - 2 scrolls of identify {unknown}
 o - 2 scrolls of blinking {unknown}
 t - a scroll of vulnerability {unknown}
 y - a scroll of brand weapon {unknown}
Potions
 b - a potion of magic
 f - a potion of haste {unknown}
 g - 2 potions of berserk rage {unknown}
 m - 2 potions of heal wounds {unknown}
 n - a potion of curing {unknown}
 p - a potion of lignification {unknown}
 r - a potion of ambrosia {unknown}
 w - a potion of brilliance {unknown}
 x - 2 potions of might {unknown}

Dungeon Overview and Level Annotations

Branches:
Dungeon (5/15)
 Temple: D:4-7

Altars:
Ashenzari
Uskayaw

Shops:
D:2 (

Annotations:
D:4 2 transporters, deadpool521's ghost, amateur MiFi

#.####.####<#
#.##........#
#......######
####..#.#.######
.......#.......
##..###.#####.
#......#
#######.######
#.@....#..#
#O#####.#.########.
#. #.#....)..... ..
#.########### ###
#.# ..# ###


You could see an ogre.


Message History

Press: ? - help, Shift-Dir - straight line, f/p - iguana
Aim: an iguana (heavily wounded, 83% to hit)
The searing ray hits the iguana!
You kill the iguana! (Press . to maintain the ray.)
Found a whip.
You now have 254 gold pieces (gained 7).
Magic restored.
You hear the slow rusting of a distant drain.
An ogre comes into view. It is wielding a +0 giant spiked club.
Casting: Searing Ray (safe; 1% risk of failure)
Confirm with . or Enter, or press ? or * to list all spells.
Aiming: Searing Ray (safe; 1% risk of failure)
Press: ? - help, Shift-Dir - straight line, f - ogre
Aim: an ogre, wielding a +0 giant spiked club (91% to hit)
The searing ray misses the ogre. (Press . to maintain the ray.)
The searing ray hits the ogre!
The ogre is moderately wounded.
The ogre hits you with a +0 giant spiked club!
Ouch! That really hurt!
* * * LOW HITPOINT WARNING * * *
The searing ray hits the ogre.
The ogre is heavily wounded.
The searing ray hits the ogre!
The ogre is severely wounded.
You finish channelling your searing ray.
The ogre hits you with a +0 giant spiked club!!
Ouch! That really hurt!
You die...

Skill      XL: |  1  2  3  4  5  6 |
---------------+-------------------+-----
Dodging        | 3 |  3.5
Stealth        | 3 |  3.0
Spellcasting   | 4 5 |  5.6
Conjurations   | 5 |  5.9
Hexes          | 2 3 5 |  5.1

Action                   |  1- 3 |  4- 6 || total
-------------------------+-------+-------++-------
Melee: Unarmed           |     4 |       ||     4
       Punch             |     1 |       ||     1
       Short sword       |       |    15 ||    15
       Mace              |       |     2 ||     2
 Cast: Magic Dart        |    62 |    68 ||   130
       Searing Ray       |    12 |    24 ||    36
Armor: Robe              |     3 |     7 ||    10
Dodge: Dodged            |     7 |    28 ||    35

Levels and vault maps discovered:
D:1:      dpeg_arrival_erosion, layout_loops_cross, item_on_display_a
D:2:      layout_loops_ring, serial_shops, shop
D:3:      layout_basic, hellmonk_ecumenical_altar_run_dry, columned_hall_lemuel,
          kennysheep_donut, nicolae_elevator_lobby_plus
D:4:      layout_basic, eat_drink_and_be_merry_uskayaw,
          mainiacjoe_overflow_alcove_4, gammafunk_ghost_smash, grunt_decor_cap,
          uniq_blork_the_orc, uniq_robin
D:5:      layout_loops_ring, lemuel_tele_altar, minmay_temple_entry_fiery,
          gup_sewer_entry_glass

Notes
Turn   | Place    | Note
-------+----------+-------------------------------------------
     0 | D:1      | kingofthe the Deep Elf Conjurer began the quest for the
                  | Orb.
     0 | D:1      | Reached XP level 1. HP: 10/10 MP: 6/6
   252 | D:1      | Reached XP level 2. HP: 15/15 MP: 1/8
   268 | D:1      | Learned a level 2 spell: Searing Ray
   884 | D:1      | Reached skill level 3 in Dodging
  1017 | D:1      | Reached XP level 3. HP: 19/19 MP: 8/10
  1669 | D:2      | Reached skill level 3 in Stealth
  1765 | D:2      | Found Rilafiac's Antique Weapon Shoppe.
  1904 | D:2      | Reached skill level 4 in Spellcasting
  2110 | D:3      | Reached skill level 5 in Conjurations
  2115 | D:3      | Reached XP level 4. HP: 24/24 MP: 2/12
  2120 | D:3      | Learned a level 4 spell: Fulminant Prism
  2516 | D:3      | Found a faded altar of an unknown god.
  2549 | D:3      | Reached skill level 1 in Hexes
  3217 | D:4      | Noticed deadpool521's ghost (amateur MiFi)
  3218 | D:4      | Found a transporter.
  3221 | D:4      | Identified the +12 dire flail "Igosh" {vorpal, Will++}
  3221 | D:4      | Noticed an ogre
  3224 | D:4      | Found a transporter.
  3472 | D:4      | Reached skill level 2 in Hexes
  3551 | D:4      | Reached XP level 5. HP: 21/28 MP: 6/13
  3667 | D:4      | Noticed Robin
  3678 | D:4      | Killed Robin
  3697 | D:4      | Reached skill level 3 in Hexes
  3943 | D:4      | Noticed Blork the orc
  3950 | D:4      | Killed Blork the orc
  3951 | D:4      | Reached skill level 5 in Spellcasting
  3953 | D:4      | Reached XP level 6. HP: 11/32 MP: 3/15
  4287 | D:4      | Found a hide-covered altar of Uskayaw.
  4311 | D:4      | Reached skill level 4 in Hexes
  4748 | D:4      | Reached skill level 5 in Hexes
  5003 | D:4      | Found a broken altar of Ashenzari.
  5104 | D:5      | Entered Level 5 of the Dungeon
  5164 | D:5      | Demolished by an ogre

Vanquished Creatures
  A black bear (D:4)
  Blork the orc (D:4)
  A hound (D:4)
  3 iguanas
  Robin (D:4)
  6 adders
  A shadow imp (D:3)
  An ufetubus (D:4)
  2 worms
  A dart slug (D:1)
  12 orcs
  8 ball pythons
  5 bats
  6 endoplasms
  3 giant cockroaches
  17 goblins
  8 hobgoblins
  12 kobolds
  4 quokkas (D:4)
  4 frilled lizards
  7 rats
104 creatures vanquished.

Table legend: (Time is in decaauts)
 A = Elapsed time spent in this place.
 B = Non-inter-level travel time spent in this place.
 C = Inter-level travel time spent in this place.
 D = Time resting spent in this place.
 E = Time spent auto-exploring this place.
 F = Levels seen in this place.
 G = Mean time per level.
                   A        B        C        D        E       F      G
               +--------+--------+--------+--------+--------+-----+--------+
         Total |   5164 |   5003 |    161 |      0 |   4499 |   5 | 1032.8 |
       Dungeon |   5164 |   5003 |    161 |      0 |   4499 |   5 | 1032.8 |
               +--------+--------+--------+--------+--------+-----+--------+

Top non-repeatable levels by time:
     D:4: 1919 daAuts
     D:1: 1289 daAuts
     D:3: 1077 daAuts
     D:2: 818 daAuts
     D:5: 59 daAuts

Table legend:
 A = Non-vault XP
 B = Vault XP
 C = Vault XP percentage of total XP
 D = Non-vault monster count
 E = Vault monster count
 F = Vault count percentage of total count
                 A         B        C        D         E       F
            +---------+---------+-------+---------+---------+-------
      Total |     523 |     130 |  19.9 |      91 |      13 |  12.5
            +---------+---------+-------+---------+---------+-------
        D:1 |      46 |       0 |   0.0 |      28 |       0 |   0.0
        D:2 |      41 |       0 |   0.0 |      18 |       0 |   0.0
        D:3 |      51 |       0 |   0.0 |      15 |       0 |   0.0
        D:4 |     349 |     130 |  27.1 |      29 |      13 |  31.0
        D:5 |      36 |       0 |   0.0 |       1 |       0 |   0.0
            +---------+---------+-------+---------+---------+-------
